3A
BELLEVUE BRUINS @ MYRTLE BEACH SEAHAWKS
08/18/2032
 
TOP OF THE 1ST
Bellevue Bruins batting - Pitching for Myrtle Beach Seahawks : RHP Gunnar Hoglund
Pitching: RHP Gunnar Hoglund
Batting: LHB Jorge Corella 0-0: Ball
1-0: Called Strike
1-1: Swinging Strike
1-2: Ball
2-2: Strikes out swinging
Batting: RHB Oki Hai 0-0: Ball
1-0: Foul Ball, location: 2F
1-1: DOUBLE (Flyball, 8RXD)
Batting: LHB Spencer Powell 0-0: Fly out, F7 (Flyball, 7)
Batting: SHB Julián Valentín 0-0: Ball
1-0: Called Strike
1-1: Swinging Strike
1-2: Strikes out swinging
Top of the 1st over - 0 runs, 1 hit, 0 errors, 1 left on base; Bellevue 0 - Myrtle Beach 0
BOTTOM OF THE 1ST
Myrtle Beach Seahawks batting - Pitching for Bellevue Bruins : LHP Júlio Díaz
Pitching: LHP Júlio Díaz
Batting: LHB Augusto Reyes 0-0: Ball
1-0: Ball
2-0: Fly out, F7 (Flyball, 7)
Batting: RHB Jordan Lander 0-0: Fly out, F9 (Flyball, 89S)
Batting: RHB Jimmy Gonzáles 0-0: Called Strike
0-1: Ball
1-1: Foul Ball, location: 2F
1-2: Strikes out looking
Bottom of the 1st over - 0 runs, 0 hits, 0 errors, 0 left on base; Bellevue 0 - Myrtle Beach 0
TOP OF THE 2ND
Bellevue Bruins batting - Pitching for Myrtle Beach Seahawks : RHP Gunnar Hoglund
Batting: RHB Gil Andersen 0-0: Called Strike
0-1: Called Strike
0-2: Foul Ball, location: 2F
0-2: Ball
1-2: Foul Ball, location: 2F
1-2: Strikes out swinging
Batting: LHB José Vázquez 0-0: Ball
1-0: Fly out, F5 (Popup, 56S)
Batting: RHB Ryan Faulkner 0-0: Foul Ball, location: 2F
0-1: Called Strike
0-2: Strikes out swinging
Top of the 2nd over - 0 runs, 0 hits, 0 errors, 0 left on base; Bellevue 0 - Myrtle Beach 0
BOTTOM OF THE 2ND
Myrtle Beach Seahawks batting - Pitching for Bellevue Bruins : LHP Júlio Díaz
Batting: LHB Marc Ben 0-0: Swinging Strike
0-1: SINGLE (Flyball, 78S)
Batting: RHB Thomas Feliciano 0-0: Called Strike
0-1: Swinging Strike
0-2: Ball
1-2: SINGLE (Flyball, 8LS)
Marc Ben to second
Runner from 2nd tries for 3rd, SAFE, no throw
Batting: RHB Theo Wrighton 0-0: Called Strike
0-1: Swinging Strike
0-2: Ball
1-2: Foul Ball, location: 2F
1-2: Strikes out swinging
Batting: RHB Lucas Gallant 0-0: Ball
Thomas Feliciano is caught stealing 2nd base
1-0: Foul Ball, location: 2F
1-1: Ground out 6-3 (Groundball, 6MS)
Bottom of the 2nd over - 0 runs, 2 hits, 0 errors, 1 left on base; Bellevue 0 - Myrtle Beach 0
TOP OF THE 3RD
Bellevue Bruins batting - Pitching for Myrtle Beach Seahawks : RHP Gunnar Hoglund
Batting: RHB Edgar Rogers 0-0: SINGLE (Flyball, 9LS)
Batting: RHB Mark Merry 0-0: Ball
Edgar Rogers steals 2nd base
1-0: Fly out, F7 (Flyball, 7LSF)
Batting: LHB Jorge Corella 0-0: Swinging Strike
0-1: Ball
1-1: Foul Ball, location: 2F
1-2: Fly out, F8 (Flyball, 89D)
Runner from 2nd tags up, SAFE at 3rd, no throw
Batting: RHB Oki Hai 0-0: Fly out, F8 (Flyball, 78XD)
Top of the 3rd over - 0 runs, 1 hit, 0 errors, 1 left on base; Bellevue 0 - Myrtle Beach 0
BOTTOM OF THE 3RD
Myrtle Beach Seahawks batting - Pitching for Bellevue Bruins : LHP Júlio Díaz
Batting: RHB Bedrettin Suker 0-0: Ground out 3-1 (Groundball, 34S)
Batting: RHB Al Ellis 0-0: Ball
1-0: Ground out 5-3 (Groundball, 56)
Batting: LHB Augusto Reyes 0-0: Fly out, F3 (Popup, 34S)
Bottom of the 3rd over - 0 runs, 0 hits, 0 errors, 0 left on base; Bellevue 0 - Myrtle Beach 0
TOP OF THE 4TH
Bellevue Bruins batting - Pitching for Myrtle Beach Seahawks : RHP Gunnar Hoglund
Batting: LHB Spencer Powell 0-0: Called Strike
0-1: Foul Ball, location: 2F
0-2: Ball
1-2: Foul Ball, location: 2F
1-2: Foul Ball, location: 2F
1-2: Ball
2-2: Foul Ball, location: 2F
2-2: Fly out, F8 (Line Drive, 8LM)
Batting: SHB Julián Valentín 0-0: Ball
1-0: Called Strike
1-1: Swinging Strike
1-2: SINGLE (Line Drive, 89S)
Pitching: RHP Bailey Achurch
Batting: RHB Gil Andersen 0-0: Ball
1-0: Called Strike
1-1: Called Strike
1-2: Ball
2-2: Strikes out swinging
Batting: LHB José Vázquez 0-0: Called Strike
0-1: Swinging Strike
0-2: Ball
1-2: Strikes out looking
Top of the 4th over - 0 runs, 1 hit, 0 errors, 1 left on base; Bellevue 0 - Myrtle Beach 0
BOTTOM OF THE 4TH
Myrtle Beach Seahawks batting - Pitching for Bellevue Bruins : LHP Júlio Díaz
Batting: RHB Jordan Lander 0-0: Called Strike
0-1: Ball
1-1: Ball
2-1: Foul Ball, location: 2F
2-2: Strikes out looking
Batting: RHB Jimmy Gonzáles 0-0: Fly out, F7 (Flyball, 7)
Batting: LHB Marc Ben 0-0: Ball
1-0: Foul Ball, location: 2F
1-1: Ground out 1-3 (Groundball, P)
Bottom of the 4th over - 0 runs, 0 hits, 0 errors, 0 left on base; Bellevue 0 - Myrtle Beach 0
TOP OF THE 5TH
Bellevue Bruins batting - Pitching for Myrtle Beach Seahawks : RHP Bailey Achurch
Batting: RHB Ryan Faulkner 0-0: Fly out, F6 (Popup, 6S)
Batting: RHB Edgar Rogers 0-0: Ball
1-0: Ball
2-0: Foul Ball, location: 2F
2-1: Called Strike
2-2: Strikes out swinging
Batting: RHB Mark Merry 0-0: Called Strike
0-1: Ball
1-1: Ball
2-1: Foul Ball, location: 2F
2-2: Strikes out swinging
Top of the 5th over - 0 runs, 0 hits, 0 errors, 0 left on base; Bellevue 0 - Myrtle Beach 0
BOTTOM OF THE 5TH
Myrtle Beach Seahawks batting - Pitching for Bellevue Bruins : LHP Júlio Díaz
Batting: RHB Thomas Feliciano 0-0: Ball
1-0: Foul Ball, location: 2F
1-1: Ball
2-1: Foul Ball, location: 2F
2-2: Ball
3-2: DOUBLE (Flyball, 78XD)
Batting: RHB Theo Wrighton 0-0: Ball
Thomas Feliciano steals 3rd base
1-0: SINGLE (Groundball, 6MD)
Thomas Feliciano scores
Batting: RHB Lucas Gallant 0-0: Ball
1-0: Bunted foul
1-1: Sac Bunt - play at first, batter OUT! U3
Theo Wrighton to second
Batting: RHB Bedrettin Suker 0-0: Ball
1-0: Ball
2-0: DOUBLE (Line Drive, 9D)
Theo Wrighton scores
Batting: RHB Al Ellis 0-0: Ball
1-0: SINGLE (Groundball, 25) (infield hit)
Bedrettin Suker to third
Batting: LHB Augusto Reyes 0-0: SINGLE (Groundball, 4MD)
Bedrettin Suker scores
Al Ellis to second
Batting: RHB Jordan Lander 0-0: Ball
1-0: Foul Ball, location: 2F
1-1: Swinging Strike
1-2: SINGLE (Groundball, 4MD)
Al Ellis to third
Augusto Reyes to second
Runner from 3rd tries for Home, SAFE, throw made home
Batting: RHB Jimmy Gonzáles 0-0: SINGLE (Line Drive, 4MD)
Augusto Reyes to third
Jordan Lander to second
Batting: LHB Marc Ben 0-0: Ball
1-0: Called Strike
1-1: Ball
2-1: Swinging Strike
2-2: Ball
3-2: Fly out, F4 (Popup, 4)
Batting: RHB Thomas Feliciano 0-0: Fly out, F8 (Flyball, 8LD)
Bottom of the 5th over - 4 runs, 7 hits, 0 errors, 3 left on base; Bellevue 0 - Myrtle Beach 4
TOP OF THE 6TH
Bellevue Bruins batting - Pitching for Myrtle Beach Seahawks : RHP Bailey Achurch
Batting: LHB Jorge Corella 0-0: Ball
1-0: Ball
2-0: Foul Ball, location: 2F
2-1: SINGLE (Groundball, 4MD)
Batting: RHB Oki Hai 0-0: Called Strike
0-1: Called Strike
Jorge Corella steals 2nd base
0-2: Ball
1-2: Ball
2-2: Strikes out looking
Batting: LHB Spencer Powell 0-0: Ball
1-0: Ball
2-0: Called Strike
2-1: Fly out, F5 (Popup, 5SF)
Batting: SHB Julián Valentín 0-0: Ball
1-0: Ball
2-0: 2-RUN HOME RUN (Line Drive, 7LD), Distance : 366 ft
Batting: RHB Gil Andersen 0-0: Ball
1-0: Fly out, F4 (Line Drive, 4)
Top of the 6th over - 2 runs, 2 hits, 0 errors, 0 left on base; Bellevue 2 - Myrtle Beach 4
BOTTOM OF THE 6TH
Myrtle Beach Seahawks batting - Pitching for Bellevue Bruins : LHP Júlio Díaz
Batting: RHB Theo Wrighton 0-0: Ball
1-0: Foul Ball, location: 2F
1-1: Swinging Strike
1-2: Ball
2-2: Ball
3-2: Fly out, F8 (Flyball, 8LM)
Batting: RHB Lucas Gallant 0-0: Ball
1-0: Swinging Strike
1-1: Foul Ball, location: 2F
1-2: Ground out 5-3 (Groundball, 56)
Batting: RHB Bedrettin Suker 0-0: Fly out, F8 (Flyball, 8RD)
Bottom of the 6th over - 0 runs, 0 hits, 0 errors, 0 left on base; Bellevue 2 - Myrtle Beach 4
TOP OF THE 7TH
Bellevue Bruins batting - Pitching for Myrtle Beach Seahawks : RHP Bailey Achurch
Batting: LHB José Vázquez 0-0: Called Strike
0-1: Foul Ball, location: 2F
0-2: Ball
1-2: Ball
2-2: Strikes out swinging
Batting: RHB Ryan Faulkner 0-0: Foul Ball, location: 2F
0-1: Ball
1-1: Called Strike
1-2: Ball
2-2: Strikes out swinging
Batting: RHB Edgar Rogers 0-0: Foul Ball, location: 2F
0-1: Foul Ball, location: 2F
0-2: Strikes out swinging
Top of the 7th over - 0 runs, 0 hits, 0 errors, 0 left on base; Bellevue 2 - Myrtle Beach 4
BOTTOM OF THE 7TH
Myrtle Beach Seahawks batting - Pitching for Bellevue Bruins : LHP Júlio Díaz
Batting: RHB Al Ellis 0-0: Called Strike
0-1: Ball
1-1: SINGLE (Line Drive, 8RS)
Batting: LHB Augusto Reyes 0-0: Foul Ball, location: 2F
0-1: Ball
1-1: Foul Ball, location: 2F
1-2: Strikes out looking
Batting: RHB Jordan Lander 0-0: Fielders Choice at 2nd, 1-4 (Groundball, 15S)
Batting: RHB Jimmy Gonzáles 0-0: Ball
1-0: Called Strike
1-1: Called Strike
1-2: Strikes out swinging
Bottom of the 7th over - 0 runs, 1 hit, 0 errors, 1 left on base; Bellevue 2 - Myrtle Beach 4
TOP OF THE 8TH
Bellevue Bruins batting - Pitching for Myrtle Beach Seahawks : RHP Bailey Achurch
Batting: RHB Mark Merry 0-0: Ball
1-0: Foul Ball, location: 2F
1-1: Ball
2-1: Ball
3-1: Called Strike
3-2: Foul Ball, location: 2F
3-2: Foul Ball, location: 2F
3-2: Foul Ball, location: 2F
3-2: Foul Ball, location: 2F
3-2: Foul Ball, location: 2F
3-2: Foul Ball, location: 2F
3-2: Fly out, F8 (Flyball, 89S)
Pitching: LHP Chris Whitfield
Batting: LHB Jorge Corella 0-0: Foul Ball, location: 2F
0-1: Swinging Strike
0-2: Ball
1-2: Strikes out swinging
Batting: RHB Oki Hai 0-0: Called Strike
0-1: Foul Ball, location: 2F
0-2: SINGLE (Flyball, 89S)
Batting: LHB Spencer Powell 0-0: Ball
1-0: Ball
2-0: Foul Ball, location: 2F
2-1: Ball
3-1: Base on Balls
Oki Hai to second
Pitching: RHP Francisco Deleón
Batting: SHB Julián Valentín 0-0: Called Strike
0-1: Foul Ball, location: 2F
0-2: Ball
1-2: Ball
2-2: SINGLE (Line Drive, 9LS)
Oki Hai to third
Spencer Powell to second
Runner from 3rd tries for Home, SAFE, no throw
Pinch Runner at 2nd Félix Sánchez:
Batting: RHB Gil Andersen 0-0: Ball
1-0: Called Strike
1-1: Called Strike
1-2: Strikes out swinging
Top of the 8th over - 1 run, 2 hits, 0 errors, 2 left on base; Bellevue 3 - Myrtle Beach 4
BOTTOM OF THE 8TH
Myrtle Beach Seahawks batting - Pitching for Bellevue Bruins : LHP Júlio Díaz
Batting: LHB Marc Ben 0-0: Ball
1-0: Ball
2-0: Ball
3-0: Base on Balls
Batting: RHB Thomas Feliciano 0-0: Ball
1-0: Ball
2-0: Fly out, F9 (Flyball, 9LD)
Batting: RHB Theo Wrighton 0-0: Ball
1-0: SINGLE (Line Drive, 78S)
Marc Ben to second
Batting: RHB Lucas Gallant 0-0: Called Strike
0-1: Hit by Pitch
Marc Ben to third
Theo Wrighton to second
Pinch Hitting: SHB Faradur Umrani 0-0: Called Strike
0-1: Called Strike
0-2: Ball
1-2: Strikes out swinging
Batting: RHB Al Ellis 0-0: Ball
1-0: Ground out 5-3 (Groundball, 56S)
Bottom of the 8th over - 0 runs, 1 hit, 0 errors, 3 left on base; Bellevue 3 - Myrtle Beach 4
TOP OF THE 9TH
Bellevue Bruins batting - Pitching for Myrtle Beach Seahawks : RHP Francisco Deleón
Now at 1B: Scott Velthuizen
Batting: LHB José Vázquez 0-0: Ground out 6-3 (Groundball, 6S)
Batting: RHB Ryan Faulkner 0-0: Ground out 6-3 (Groundball, 56)
Pinch Hitting: LHB David Muller 0-0: Ball
1-0: Foul Ball, location: 2F
1-1: Foul Ball, location: 2F
1-2: Strikes out swinging
Top of the 9th over - 0 runs, 0 hits, 0 errors, 0 left on base; Bellevue 3 - Myrtle Beach 4
Wednesday, September 19th, 2018 - OOTP Baseball 18.8 Build 76